 Dungeon Crawl Stone Soup version 0.31-a0-233-g139696dc86 (webtiles) character file.

Game seed: 7571175720931210654

86 qw the Shooter (level 4, 0/26 HPs)
             Began as a Gargoyle Hexslinger on July 7, 2023.
             Slain by a goblin
             ... wielding a +0 dagger
             ... led by Robin
              (1 damage)
             ... on level 3 of the Dungeon.
             The game lasted 00:00:56 (1825 turns).

qw the Shooter (Gargoyle Hexslinger)                Turns: 1825, Time: 00:00:56

Health: 0/26       AC:  8    Str: 12    XL:     4   Next: 50%
Magic:  5/5        EV: 10    Int: 13    God:
Gold:   65         SH:  0    Dex: 14    Spells: 4/5 levels left

rFire   . . .        Y - +1 sling
rCold   + . .        (no shield)
rNeg    + . .        d - +0 ring mail
rPois   inf          (no helmet)
rElec   +            (no cloak)
rCorr   .            (no gloves)
SInv    .            (no boots)
Will    .....        (no amulet)
Stlth   +            b - ring of protection from cold
HPRegen 0.24/turn    (no ring)
MPRegen 0.09/turn

%: no passive effects
@: no status effects
A: sickness immunity, AC +3, negative energy resistance 1, electricity
resistance, torment resistance 1, petrification resistance
a: no special abilities


You were on level 3 of the Dungeon.
You visited 1 branch of the dungeon, and saw 3 of its levels.

You collected 65 gold pieces.


Innate Abilities, Weirdness & Mutations

You are immune to sickness and miasma.
Your stone body is resilient. (AC +3)
You are immune to poison.
You resist negative energy. (rN+)
You are resistant to electric shocks. (rElec)
You are resistant to unholy torment.
You are immune to petrification.


   Skills:
 - Level 2.0 Fighting
 + Level 4.0 Ranged Weapons
 - Level 1.3 Armour
 - Level 1.5 Dodging
 - Level 1.0 Spellcasting
 - Level 2.6 Hexes


You had 4 spell levels left.
You knew the following spells:

 Your Spells              Type           Power      Damage    Failure   Level
a - Slow                  Hex            28%        N/A       21%         1

Your spell library contained the following spells:

 Spells                   Type           Power      Damage    Failure   Level
 Inner Flame              Hex/Fire       4%         N/A       71%         3
 Portal Projectile        Hex/Tloc       8%         N/A       71%         3
 Cause Fear               Hex            3%         N/A       90%         4

Inventory:

Hand Weapons
 Y - a +1 sling (weapon)
Armour
 d - a +0 ring mail (worn)
Jewellery
 b - a ring of protection from cold (left hand)
Scrolls
 a - a scroll of brand weapon {unknown}
 e - a scroll of identify

Dungeon Overview and Level Annotations

Branches:
Dungeon (3/15)

Altars:

Annotations:
D:3 Ijyb


Message History

Ijyb is heavily wounded.
The goblin misses you. The goblin barely misses you. Ijyb misses you.
The goblin misses you.
You closely miss Ijyb.
Ijyb is heavily wounded.
The goblin closely misses you. The goblin hits you with a +0 dagger.
Ijyb barely misses you. The goblin hits you but does no damage.
You touch Ijyb but do no damage.
Ijyb is heavily wounded.
The goblin misses you. The goblin hits you but does no damage.
Ijyb hits you but does no damage. The goblin barely misses you.
You touch Ijyb but do no damage.
Ijyb is heavily wounded.
The goblin completely misses you. The goblin misses you.
Ijyb closely misses you. The goblin closely misses you.
You touch Ijyb.
Ijyb is severely wounded.
The goblin closely misses you. The goblin hits you but does no damage.
Ijyb closely misses you. The goblin misses you.
You touch Ijyb but do no damage.
Ijyb is severely wounded.
The goblin barely misses you. Ijyb hits you but does no damage.
The goblin hits you but does no damage. x2
You barely miss Ijyb.
Ijyb is severely wounded.
The goblin misses you. The goblin completely misses you.
Ijyb completely misses you. The goblin misses you.
You barely miss Ijyb.
Ijyb is severely wounded.
You condense into your normal self.
Your +1 sling unmelds from your body.
Your +0 ring mail unmelds from your body.
Your ring of protection from cold unmelds from your body.
The goblin hits you but does no damage. Ijyb closely misses you.
The goblin hits you with a +0 club. The goblin barely misses you.
You shoot a sling bullet.
The sling bullet hits Ijyb but does no damage.
Ijyb is severely wounded.
The goblin hits you with a +0 dagger.
You die...

#.########## ########## #.#
#......).# #.#
#.######.####)######### #.#
#.#.^..........#
##.######.#.#...######.#
#.........#......# #.#
#..##.......#ggg## #.#
#.........####@## #.#
#.#######.# #g# #.#######
#.........# #g# #.......#
##.######### ##'## #######.#
#...# ##...## #.# #...###
##.....## ### #.# #...#.##
##.......## ##.###.#
###....####.........####...##.##
#.......+.........'.......%...


You could see Ijyb and 4 goblins.

Vanquished Creatures
  Robin (D:3)
  A gnoll (D:1)
  An adder (D:3)
  2 dart slugs
  An orc (D:3)
  4 ball pythons
  4 bats
  6 endoplasms
  A giant cockroach (D:1)
  7 goblins
  5 hobgoblins
  3 quokkas
  2 frilled lizards (D:2)
  5 kobolds
  5 rats
48 creatures vanquished.

Notes
Turn   | Place    | Note
-------+----------+-------------------------------------------
     0 | D:1      | qw the Gargoyle Hexslinger began the quest for the Orb.
     0 | D:1      | Reached XP level 1. HP: 12/12 MP: 2/2
     0 | D:1      | 0 ||| qw: Version: 0.3-a-46-gb1f654a
     0 | D:1      | 0 ||| qw: Game counter: 3140
     0 | D:1      | 0 ||| qw: Melee chars always use a shield: true
     0 | D:1      | 0 ||| qw: God list: Okawaru
     0 | D:1      | 0 ||| qw: Allow faded altars: false
     0 | D:1      | 0 ||| qw: Do Orc after clearing Dungeon:15 true
     0 | D:1      | 0 ||| qw: Do second Lair branch before Depths: true
     0 | D:1      | 0 ||| qw: Lair rune preference: random
     0 | D:1      | 0 ||| qw: Goals: Normal
     0 | D:1      | 0 ||| PLANNING D:1-11
    51 | D:1      | Reached XP level 2. HP: 16/16 MP: 3/3
    67 | D:1      | Reached skill level 3 in Ranged Weapons
   150 | D:1      | Reached XP level 3. HP: 20/20 MP: 4/4
   180 | D:1      | Found a faded altar of an unknown god.
   378 | D:1      | 378 ||| UPGRADING to +0 leather armour.
   388 | D:1      | 388 ||| DROPPING +0 robe.
   389 | D:1      | 389 ||| READING scroll labelled LIUL DIRINTIPN.
   390 | D:1      | 390 ||| READING scroll labelled VIUW AKLAELA.
   391 | D:1      | 391 ||| READING scroll labelled SURREI DIRYUR.
   396 | D:1      | 396 ||| READING scroll labelled DIPPYM NUSO.
   397 | D:1      | 397 ||| READING scroll labelled PYBYVINAFI.
   398 | D:1      | 398 ||| DROPPING scroll of poison.
   558 | D:2      | Identified the +7 dagger of Geicrur {holy, rF+ rN+++ Str+2
                  | Int-3}
  1036 | D:2      | 1036 ||| UPGRADING to +0 ring mail.
  1046 | D:2      | 1046 ||| DROPPING +0 leather armour.
  1047 | D:2      | 1047 ||| UPGRADING to ring of protection from cold.
  1048 | D:2      | 1048 ||| READING scroll labelled YNINYEKKYB.
  1049 | D:2      | 1049 ||| READING scroll labelled MIUTTI XAZO.
  1136 | D:3      | Reached XP level 4. HP: 25/26 MP: 5/5
  1261 | D:3      | Reached skill level 4 in Ranged Weapons
  1484 | D:3      | 1484 ||| FLEEEEING.
  1485 | D:3      | 1485 ||| FLEEEEING.
  1486 | D:3      | 1486 ||| FLEEEEING.
  1487 | D:3      | 1487 ||| FLEEEEING.
  1489 | D:3      | 1489 ||| FLEEEEING.
  1495 | D:3      | 1495 ||| FLEEEEING.
  1496 | D:3      | 1496 ||| FLEEEEING.
  1498 | D:3      | 1498 ||| FLEEEEING.
  1499 | D:3      | 1499 ||| FLEEEEING.
  1741 | D:3      | Noticed Ijyb
  1743 | D:3      | 1743 ||| FLEEEEING.
  1744 | D:3      | 1744 ||| FLEEEEING.
  1745 | D:3      | 1745 ||| FLEEEEING.
  1746 | D:3      | 1746 ||| FLEEEEING.
  1748 | D:3      | 1748 ||| FLEEEEING.
  1749 | D:3      | 1749 ||| FLEEEEING.
  1750 | D:3      | 1750 ||| FLEEEEING.
  1751 | D:3      | 1751 ||| FLEEEEING.
  1752 | D:3      | 1752 ||| FLEEEEING.
  1753 | D:3      | 1753 ||| FLEEEEING.
  1754 | D:3      | 1754 ||| FLEEEEING.
  1755 | D:3      | 1755 ||| FLEEEEING.
  1756 | D:3      | 1756 ||| FLEEEEING.
  1757 | D:3      | 1757 ||| FLEEEEING.
  1772 | D:3      | 1772 ||| FLEEEEING.
  1773 | D:3      | 1773 ||| FLEEEEING.
  1774 | D:3      | 1774 ||| FLEEEEING.
  1775 | D:3      | 1775 ||| FLEEEEING.
  1776 | D:3      | 1776 ||| FLEEEEING.
  1778 | D:3      | 1778 ||| FLEEEEING.
  1779 | D:3      | 1779 ||| FLEEEEING.
  1781 | D:3      | 1781 ||| FLEEEEING.
  1782 | D:3      | 1782 ||| FLEEEEING.
  1783 | D:3      | 1783 ||| FLEEEEING.
  1784 | D:3      | 1784 ||| FLEEEEING.
  1789 | D:3      | 1789 ||| FLEEEEING.
  1789 | D:3      | Noticed Robin
  1790 | D:3      | 1790 ||| FLEEEEING.
  1791 | D:3      | 1791 ||| FLEEEEING.
  1792 | D:3      | 1792 ||| FLEEEEING.
  1799 | D:3      | 1799 ||| FLEEEEING.
  1806 | D:3      | Killed Robin
  1806 | D:3      | HP: 6/26 [Ijyb/+0 club (4)]
  1807 | D:3      | Reached skill level 1 in Armour
  1811 | D:3      | HP: 4/26 [Ijyb/+0 club (2)]
  1818 | D:3      | HP: 1/26 [goblin/+0 dagger[Robin] (3)]
  1824 | D:3      | HP: 1/26 [goblin/+0 club[Robin] (2)]
  1825 | D:3      | Slain by a goblin

Levels and vault maps discovered:
D:1:      minmay_arrival_four_circles, layout_rooms,
          ebering_ecumenical_altar_box
D:2:      layout_basic, st_stairs_8, kennysheep_pointless_box,
          nrook_mini_backslash, minmay_misc_feat_hallway,
          chequers_serial_rivers_micro_d
D:3:      minmay_chambers_of_threes, layout_loops_corners, uniq_robin, uniq_ijyb

Skill      XL: |  1  2  3  4 |
---------------+-------------+-----
Ranged Weapons | 3 4 |  4.0
Fighting       | 2 |  2.0
Armour         | 1 |  1.3
Dodging        | |  1.5
Spellcasting   | |  1.0
Hexes          | |  2.6

Action                     |  1- 3 |  4- 6 || total
---------------------------+-------+-------++-------
  Melee: Unarmed           |       |    29 ||    29
   Fire: Sling             |   107 |    32 ||   139
    Use: Scroll            |     7 |       ||     7
 Armour: Robe              |     5 |       ||     5
         Ring mail         |     7 |    11 ||    18
         Leather armour    |     5 |       ||     5
         Skin              |       |    16 ||    16
  Dodge: Dodged            |    21 |    70 ||    91

Table legend:
 A = Non-vault XP
 B = Vault XP
 C = Vault XP percentage of total XP
 D = Non-vault monster count
 E = Vault monster count
 F = Vault count percentage of total count
                 A         B        C        D         E       F
            +---------+---------+-------+---------+---------+-------
      Total |     103 |      21 |  16.9 |      44 |       4 |   8.3
            +---------+---------+-------+---------+---------+-------
        D:1 |      45 |       0 |   0.0 |      19 |       0 |   0.0
        D:2 |      31 |       2 |   6.1 |      17 |       1 |   5.6
        D:3 |      27 |      19 |  41.3 |       8 |       3 |  27.3
            +---------+---------+-------+---------+---------+-------
